[Event "*** Titled Tuesday Blitz"]
[Site "Chess.com"]
[Date "2018.06.05"]
[Round "5"]
[White "FairChess_on_YouTube"]
[Black "GadimbayliA"]
[Result "1/2-1/2"]
[WhiteElo "2956"]
[BlackElo "2490"]
[TimeControl "180+2"]
[EndTime "14:13:16 PDT"]
[Termination "Game drawn by agreement"]

1. c4 e5 2. Nc3 Nf6 3. Nf3 Nc6 4. e3 d5 5. cxd5 Nxd5 6. Bb5 Nxc3 7.
bxc3 Bd6 8. d4 exd4 9. cxd4 O-O 10. O-O Bf5 11. Bd3 Bxd3 12. Qxd3 Qf6 13. Bd2 Rad8 14. Rac1 h6 15. Qb5 Rb8 16. h3 Rfe8 17. Bc3 Qg6 18. Rfe1 a6 19. Qb1 Qxb1 20. Rxb1 b6 21. Rbc1 Na7 22.
e4 Nb5 23. Bb2 f6 24. a4 Na7 25. e5 fxe5 26. dxe5 Bc5 27. Bd4 Bb4 28. Rxc7 Bxe1 29. Rxa7 Bb4 30. Rxa6 Bc5 31. Bxc5 bxc5 32. Rc6 Rbc8 33.
Rb6 c4 34. Rb2 c3 35. Rc2 Red8 36. Kf1 Rd1+ 37. Ke2 Ra1 38. Kd3 Rxa4 39. Rxc3 Rxc3+ 40. Kxc3 Ra2 41. Nd2 Kf7 42. Kd3 Ke6 43. Ke3 Kxe5 44. Nf3+ Kf6 45. Nd4 g5 46. g3 Ra1 47.
Kf3 Ke5 48. Nc2 Rc1 49. Ne3 h5 1/2-1/2

[Event "*** Titled Tuesday Blitz"]
[Site "Chess.com"]
[Date "2018.06.05"]
[Round "5"]
[White "orrbaverlekszarnyon"]
[Black "RDMGUY01"]
[Result "0-1"]
[WhiteElo "2247"]
[BlackElo "2391"]
[TimeControl "180+2"]
[EndTime "14:13:16 PDT"]
[Termination "RDMGUY01 won by resignation"]

1. e4 c5 2. Nf3 d6 3. d4 cxd4 4. Nxd4 Nf6 5. Nc3 a6 6. h3 e6 7. g4 b5 8. Bg2 Bb7 9. g5 Nfd7 10. h4 Be7 11. Be3 Ne5 12. Qh5 O-O 13. O-O-O Nbd7 14. Bh3 b4 15. Nce2 g6 16. Qh6 Re8 17. Nxe6 fxe6 18. Bxe6+ Kh8 19. h5 Bf8 20. hxg6 Bxh6 21. Rxh6 Rxe6 22. g7+ Kxg7 23. Rxe6 Bxe4 24. Rexd6 Qc7 25.
Nd4 Kg8 26. Re6 Nc5 27. Rf6 Rf8 28. Rxf8+ Kxf8 29. f4 Ng4 30. Bg1 Kf7 31. Re1 Qxf4+ 32. Kb1 Ne6 33. Ne2 Qd2 34. Rf1+ Kg7 35. Ng3 Qxc2+ 36.
Ka1 b3 37. a3 Bg6 38. Re1 Ne5 39. Ba7 Nd3 40. Rb1 Nc1 0-1

[Event "*** Titled Tuesday Blitz"]
[Site "Chess.com"]
[Date "2018.06.05"]
[Round "5"]
[White "TST2014"]
[Black "VeraNebolsina"]
[Result "1-0"]
[WhiteElo "2480"]
[BlackElo "2348"]
[TimeControl "180+2"]
[EndTime "14:13:17 PDT"]
[Termination "TST2014 won by resignation"]

1. d4 Nf6 2. c4 g6 3. Nf3 Bg7 4. Nc3 d6 5. e4 O-O 6. Be2 Na6 7. O-O e5 8. Be3 c6 9. d5 Ng4 10. Bg5 f6 11. Bd2 c5 12. a3 h5 13. Rb1 Bd7 14. Qc1 Kh7 15. b4 b6 16. Qc2 Nc7 17. bxc5 dxc5 18. Rfd1 Ne8 19. a4 Nd6 20. a5 Rb8 21.
axb6 axb6 22. Rb3 Bh6 23. Rdb1 f5 24. h3 fxe4 25. Nxe4 Nxe4 26. Bxh6 Ngxf2 27. Bxf8 Qxf8 28. Rxb6 Rxb6 29. Rxb6 Qf4 30. Rb7 Nxh3+ 31. Kf1 Qe3 32. Rxd7+ Kh6 33. Ke1 Nf4 34. Qxe4 Qxe4 35. Rh7+ Kxh7 36.
Ng5+ Kh6 37. Nxe4 Nxg2+ 38. Kf2 Nf4 39. Nxc5 h4 40. d6 1-0

[Event "*** Titled Tuesday Blitz"]
[Site "Chess.com"]
[Date "2018.06.05"]
[Round "5"]
[White "awesomevishesh"]
[Black "tteshan"]
[Result "1-0"]
[WhiteElo "2104"]
[BlackElo "1978"]
[TimeControl "180+2"]
[EndTime "14:13:22 PDT"]
[Termination "awesomevishesh won by checkmate"]

1. Nf3 c5 2. g3 d5 3. Bg2 Nf6 4. O-O Nc6 5. d4 cxd4 6. Nxd4 e6 7. c4 Bc5 8. Nb3 Be7 9. cxd5 Nxd5 10. a3 O-O 11. e4 Nf6 12. Nc3 Ne5 13. h3 Nd3 14.
Be3 Nxb2 15. Qe2 Nd3 16. Rfd1 Qc7 17. Rxd3 b6 18. a4 e5 19. Rc1 Ba6 20. Nb5 Qb7 21. f4 Bxb5 22. axb5 Rfd8 23. fxe5 Nd7 24. e6 Ne5 25.
exf7+ Kxf7 26. Rf1+ Kg8 27. Rxd8+ Rxd8 28. Nd4 Bc5 29. Ne6 Bxe3+ 30. Qxe3 Re8 31. Qb3 Kh8 32. Qd5 Qe7 33. Qxe5 Qxe6 34. Qxe6 Rxe6 35. Rf8# 1-0

[Event "*** Titled Tuesday Blitz"]
[Site "Chess.com"]
[Date "2018.06.05"]
[Round "5"]
[White "MPGM"]
[Black "andrewtnb"]
[Result "0-1"]
[WhiteElo "2369"]
[BlackElo "2380"]
[TimeControl "180+2"]
[EndTime "14:13:23 PDT"]
[Termination "andrewtnb won by resignation"]

1. c4 e6 2. d4 d5 3. Nc3 Nf6 4.
cxd5 exd5 5. Bg5 Be7 6. e3 c6 7. Bd3 Nbd7 8. Nge2 Nh5 9. Bxe7 Qxe7 10. Qc2 Nb6 11.
O-O-O g6 12. Kb1 Bg4 13. f3 Bd7 14. e4 O-O-O 15. exd5 Kb8 16. dxc6 Bxc6 17. Rhe1 Qh4 18. h3 Rhe8 19. Be4 Nd5 20. Qb3 Nhf6 21. Nxd5 Bxd5 22. Bxd5 Nxd5 23. a3 Ne3 24. Rc1 Nxg2 25. Rg1 Rxe2 26. Qxf7 Re7 27. Qc4 Qxh3 28. Qc5 Ree8 29.
Qg5 Ne3 30. Qf4+ Ka8 31. Ka1 Qf5 32. Qc7 Rc8 33. Qxh7 Nc2+ 34. Ka2 Qd5+ 35. Kb1 Qb3 36. Qxg6 Nxa3+ 37. Ka1 Nc2+ 38. Kb1 Nb4 39. Rxc8+ Rxc8 40. Qf7 Qxf7 0-1

[Event "*** Titled Tuesday Blitz"]
[Site "Chess.com"]
[Date "2018.06.05"]
[Round "5"]
[White "Andreikka"]
[Black "Zaven_ChessMood"]
[Result "0-1"]
[WhiteElo "2799"]
[BlackElo "2885"]
[TimeControl "180+2"]
[EndTime "14:13:27 PDT"]
[Termination "Zaven_ChessMood won on time"]

1. d4 Nf6 2. Nf3 c5 3. c3 d5 4.
Bf4 Nc6 5. e3 Bg4 6. Nbd2 e6 7.
Be2 Bd6 8. Bxd6 Qxd6 9. O-O O-O 10. h3 Bh5 11. Rc1 Rad8 12. dxc5 Qxc5 13. Nd4 Bxe2 14. Qxe2 e5 15. Nxc6 bxc6 16. e4 Rfe8 17. b4 Qb6 18. Rfd1 h6 19. a3 Re6 20. exd5 cxd5 21. c4 d4 22. c5 Qc7 23. Ne4 Nd5 24. g3 a6 25.
Rd3 f5 26. Nd2 Qe7 27. h4 Nc3 28. Rdxc3 dxc3 29. Rxc3 e4 30. c6 f4 31. Qc4 Kh8 32. c7 Rc8 33. gxf4 e3 34. Nf3 e2 35. Ne1 Rg6+ 36.
Rg3 Rxg3+ 37. fxg3 Rxc7 38. Qd3 Rc1 39. Kf2 Qa7+ 40.
Kf3 Rxe1 41. Qd8+ Kh7 42. Qd3+ g6 43. h5 Rf1+ 44. Kg4 Qf7 0-1

[Event "*** Titled Tuesday Blitz"]
[Site "Chess.com"]
[Date "2018.06.05"]
[Round "5"]
[White "Litti"]
[Black "LastHeroJr"]
[Result "1-0"]
[WhiteElo "2318"]
[BlackElo "2504"]
[TimeControl "180+2"]
[EndTime "14:13:27 PDT"]
[Termination "Litti won by resignation"]

1. e4 d6 2. d4 Nf6 3. Bd3 g6 4. Nf3 Bg7 5. O-O O-O 6. c3 Nc6 7. h3 e5 8. Re1 Re8 9. Nbd2 h6 10. Nf1 Nh5 11. Bb5 Bd7 12. d5 Nb8 13. Bxd7 Nxd7 14. c4 Rf8 15. Be3 a5 16. a3 a4 17. b4 axb3 18.
Qxb3 b6 19. a4 f5 20. exf5 gxf5 21. Ra2 e4 22. Nd4 Nc5 23. Qd1 Qh4 24. Ne6 Nxe6 25. dxe6 f4 26. Bd4 f3 27. Bxg7 fxg2 28. Bxf8 Qxh3 29.
Nh2 Rxf8 30. e7 Re8 31. Rxe4 Nf6 32. Re3 Qf5 33. Qd3 Qh5 34. Rh3 Qe5 35. Qg6+ 1-0

[Event "*** Titled Tuesday Blitz"]
[Site "Chess.com"]
[Date "2018.06.05"]
[Round "5"]
[White "BartoszSocko"]
[Black "Ar4uha"]
[Result "1-0"]
[WhiteElo "2623"]
[BlackElo "2577"]
[TimeControl "180+2"]
[EndTime "14:13:28 PDT"]
[Termination "BartoszSocko won on time"]

1. e4 e5 2. Nf3 Nc6 3. Bb5 a6 4. Bxc6 dxc6 5. O-O Qd6 6. Na3 b5 7. c3 c5 8. d4 cxd4 9. cxd4 exd4 10. Nxd4 c5 11.
Ndc2 Qxd1 12. Rxd1 Be6 13. Ne3 Nf6 14. f3 c4 15. b3 c3 16. Nac2 Bc5 17. Ba3 Bxa3 18.
Nxa3 O-O 19. Rac1 b4 20. Nac2 a5 21. Nd4 a4 22. Nec2 axb3 23. axb3 Rfb8 24. Nxe6 fxe6 25.
Rd4 e5 26. Rxb4 Rd8 27. Rc4 Rd2 28. Rxc3 Ra2 29. Ne3 Re2 30. R3c2 Rexc2 31. Rxc2 Ra1+ 32. Kf2 Rb1 33. Rc8+ Kf7 34. Rc7+ Ke6 35. Rxg7 Rb2+ 36. Ke1 Nh5 37. Rxh7 Nf4 38. Rh6+ Kf7 39. Nc4 1-0

[Event "*** Titled Tuesday Blitz"]
[Site "Chess.com"]
[Date "2018.06.05"]
[Round "5"]
[White "PaulfromSPb"]
[Black "olomi007"]
[Result "0-1"]
[WhiteElo "2426"]
[BlackElo "2639"]
[TimeControl "180+2"]
[EndTime "14:13:28 PDT"]
[Termination "olomi007 won by resignation"]

1. d4 Nf6 2. Bg5 d5 3. Nd2 c6 4. e3 Qb6 5. Qc1 Nbd7 6. c4 e6 7. Ne2 Bb4 8. Nc3 Qa5 9. Nb3 Bxc3+ 10. bxc3 Qa4 11. cxd5 exd5 12. Bd3 O-O 13. O-O h6 14. Bh4 Re8 15. c4 dxc4 16. Bxc4 Ne4 17. Bd3 Nd6 18. Bg3 Ne4 19. Bh4 Nd6 20. Bg3 Ne4 21. Bf4 Ndf6 22.
f3 Ng5 23. e4 Be6 24. Bxg5 hxg5 25. Qc3 Rad8 26. Bc2 Bxb3 27. axb3 Qxd4+ 28. Qxd4 Rxd4 29. Rxa7 Rb4 30. Kf2 Nd7 31. Ra5 Re5 32. Ra4 Rxa4 33.
bxa4 Rc5 34. Bb3 Rc3 35. Rb1 Nc5 36. Bd1 Ra3 37. Kg3 Ra2 38. Bb3 Rd2 39. Bd1 g6 40.
Bb3 Kg7 41. a5 Kf6 42. Bc4 Rc2 43. Bf1 Ra2 44. a6 bxa6 45. Rb6 Ne6 46. Bxa6 c5 47.
Bc4 Rc2 48. Bd5 c4 49. Rd6 Ke5 50. Rc6 Nf4 0-1

[Event "*** Titled Tuesday Blitz"]
[Site "Chess.com"]
[Date "2018.06.05"]
[Round "5"]
[White "goodtimes2020"]
[Black "AsaHoffmann"]
[Result "1-0"]
[WhiteElo "2281"]
[BlackElo "2062"]
[TimeControl "180+2"]
[EndTime "14:13:29 PDT"]
[Termination "goodtimes2020 won on time"]

1. e4 d6 2. d4 Nf6 3. Nc3 c6 4. Bg5 Nbd7 5. Qd2 b5 6. Bd3 e5 7.
Nce2 a6 8. f4 Be7 9. Nf3 Qc7 10.
O-O Bb7 11. dxe5 dxe5 12. Kh1 h6 13. fxe5 hxg5 14. exf6 gxf6 15. g3 O-O-O 16. a4 Nc5 17. Qe3 Qd6 18. Ned4 Qxg3 19. Nf5 Qc7 20. axb5 cxb5 21.
b4 Ne6 22. c4 Nf4 23. Be2 g4 24. cxb5 Nxe2 25. bxa6 gxf3 26. axb7+ Qxb7 27. Qxf3 Nd4 28. Qc3+ Kb8 29. Ng3 Nb5 30. Qb3 Bd6 31. Rae1 Bxg3 32. Qxg3+ Qc7 33. Qg2 Nd4 34. Rxf6 Rdg8 35. Qf2 1-0

[Event "*** Titled Tuesday Blitz"]
[Site "Chess.com"]
[Date "2018.06.05"]
[Round "5"]
[White "SamCopeland"]
[Black "Vusatiuk_Vladimir"]
[Result "1/2-1/2"]
[WhiteElo "2036"]
[BlackElo "2193"]
[TimeControl "180+2"]
[EndTime "14:13:31 PDT"]
[Termination "Game drawn by repetition"]

1. e4 c5 2. Nf3 d6 3. d4 c4 4.
Bxc4 e6 5. O-O Be7 6. Nc3 Nf6 7. Bg5 h6 8. Bh4 Nxe4 9. Nxe4 Bxh4 10. Nxh4 Qxh4 11. Nxd6+ Ke7 12. Nxc8+ Rxc8 13. Bb5 a6 14.
Ba4 Rd8 15. c3 b5 16. Bb3 Nc6 17. Qf3 Rac8 18. Rfe1 Qf6 19. Qxf6+ Kxf6 20. Re3 Na5 21. Rae1 b4 22. Rf3+ Ke7 23. cxb4 Nxb3 24. Rxb3 Rxd4 25. b5 axb5 26. Rxb5 Rc2 27. a3 Rdd2 28. Rf1 Rxb2 29. Rxb2 Rxb2 30. Ra1 Kd6 31. g3 Kc5 32. h4 Kb5 33.
Rd1 Kc6 34. Rd3 Rb5 35. Kg2 e5 36. Rd8 Ra5 37. Rg8 g6 38. Rf8 Ra7 39. Kf3 Kd5 40.
Rd8+ Ke6 41. Rd3 f5 42. Rb3 Ra6 43. Ke3 g5 44. hxg5 hxg5 45. Kf3 Ra4 46. Rb6+ Kd5 47.
Rf6 Rxa3+ 48. Kg2 Ke4 49. Rg6 g4 50. Rg5 Ra2 51. Rg8 Kd3 52. Rf8 Ke4 53. Rg8 Rb2 54. Rf8 Rb5 55. Rf7 f4 56. gxf4 exf4 57. Re7+ Re5 58.
Rg7 Kf5 59. Rf7+ Kg5 60. Rf8 Rf5 61. Rg8+ Kh5 62. Rh8+ Kg5 63. Rg8+ Kh5 64. Rh8+ Kg5 65. Rg8+ Kh5 66. Rh8+ Kg5 1/2-1/2

[Event "*** Titled Tuesday Blitz"]
[Site "Chess.com"]
[Date "2018.06.05"]
[Round "5"]
[White "VovenRogel"]
[Black "rasmussvane"]
[Result "0-1"]
[WhiteElo "2624"]
[BlackElo "2597"]
[TimeControl "180+2"]
[EndTime "14:13:35 PDT"]
[Termination "rasmussvane won by resignation"]

1. d4 d5 2. Bf4 Nf6 3. e3 e6 4.
Nf3 Bd6 5. Bg3 O-O 6. Nbd2 c5 7. c3 Qc7 8. Ne5 Nc6 9. Nxc6 Qxc6 10. Bd3 Qc7 11.
Nf3 Nd7 12. O-O Bxg3 13. hxg3 e5 14. dxe5 Nxe5 15. Be2 Rd8 16. Qa4 Bf5 17. Rad1 Nc6 18. Rd2 h6 19. Rfd1 Be6 20. Bb5 Ne7 21. Be2 Ng6 22. c4 Ne7 23. cxd5 Rxd5 24. Bc4 Rxd2 25. Rxd2 Bxc4 26. Qxc4 b6 27. b4 Rc8 28. bxc5 Qxc5 29.
Qe4 Qc7 30. Kh2 Ng6 31. Nd4 Qe7 32. Qg4 Rc5 33. Nf3 Ne5 34. Nxe5 Rxe5 35. Qc8+ Kh7 36. Rd8 Rh5+ 37. Kg1 Qe4 38. Rh8+ Kg6 39. Qc1 Rc5 40.
Qd1 Rb5 41. Qd6+ f6 42. g4 Rb1+ 43. Kh2 Qxg4 44. Qd3+ Qf5 45. e4 Qf4+ 46. g3 Qxf2+ 47. Kh3 Rh1+ 48. Kg4 h5+ 0-1

[Event "*** Titled Tuesday Blitz"]
[Site "Chess.com"]
[Date "2018.06.05"]
[Round "5"]
[White "ulises2013"]
[Black "GM_Huschenbeth"]
[Result "1-0"]
[WhiteElo "2416"]
[BlackElo "2434"]
[TimeControl "180+2"]
[EndTime "14:13:36 PDT"]
[Termination "ulises2013 won by resignation"]

1. e4 c5 2. g3 d6 3. Bg2 Nc6 4. Ne2 g6 5. O-O Bg7 6. c3 e5 7. d3 Nge7 8. Be3 O-O 9. d4 f5 10. dxc5 f4 11. gxf4 exf4 12. Nxf4 dxc5 13. Qxd8 Nxd8 14.
Bxc5 Rxf4 15. Bxe7 Ne6 16. Na3 Rf7 17. Bd6 Nf4 18.
Bxf4 Rxf4 19. Rad1 Be6 20. e5 Raf8 21. Bd5 Kf7 22. Nb5 Bxe5 23. Bxe6+ Kxe6 24. Rfe1 Rg4+ 25. Kf1 Rg5 26. Nc7+ Ke7 27. Nd5+ Kf7 28. Ne3 Kg7 29. Rd7+ Rf7 30. Red1 Bxh2 31. Rxf7+ Kxf7 32. Rd7+ Kg8 33. Rxb7 Rg1+ 34. Ke2 h5 35. Rxa7 h4 36. Ra4 g5 37.
Rg4 h3 38. Kf3 Rb1 39. Rxg5+ Kf7 40. Rh5 Rxb2 41. Rxh3 Be5 42. Nc4 1-0

[Event "*** Titled Tuesday Blitz"]
[Site "Chess.com"]
[Date "2018.06.05"]
[Round "5"]
[White "OparinGrigoriy"]
[Black "pKiLz5Rn9b"]
[Result "1-0"]
[WhiteElo "2895"]
[BlackElo "2639"]
[TimeControl "180+2"]
[EndTime "14:13:37 PDT"]
[Termination "OparinGrigoriy won on time"]

1. Nf3 Nf6 2. g3 e6 3. Bg2 d5 4.
c4 Be7 5. O-O O-O 6. b3 c5 7.
Bb2 b6 8. cxd5 Nxd5 9. d4 Bb7 10. Nbd2 Nd7 11. Rc1 Rc8 12. Nc4 Qc7 13. Re1 Qb8 14. e4 N5f6 15. d5 exd5 16. exd5 Rfe8 17. Nfe5 Nxe5 18.
Bxe5 Qa8 19. Bxf6 Bxf6 20. Nd6 Rxe1+ 21. Qxe1 Rd8 22. Nxb7 Qxb7 23. Rc2 g6 24. Re2 Rd6 25. h4 h5 26. Bf3 Bd4 27. Kg2 Rf6 28. Re8+ Kg7 29.
Rd8 Rf5 30. Qe8 Kh6 31. Rd7 Qa6 32. Rxf7 Rxf7 33. Qxf7 Qd3 34. d6 Qc2 35. Bd5 Qd2 36. d7 Bxf2 37. Qf8+ 1-0

[Event "*** Titled Tuesday Blitz"]
[Site "Chess.com"]
[Date "2018.06.05"]
[Round "5"]
[White "GMSrinath"]
[Black "Rakhmanov_Aleksandr"]
[Result "0-1"]
[WhiteElo "2670"]
[BlackElo "2704"]
[TimeControl "180+2"]
[EndTime "14:13:41 PDT"]
[Termination "Rakhmanov_Aleksandr won by resignation"]

1. e4 c5 2. Nf3 Nf6 3. e5 Nd5 4. Nc3 Nxc3 5. dxc3 Nc6 6. Bf4 Qb6 7. Rb1 Qc7 8. Bc4 e6 9. O-O h6 10. h4 b6 11. Re1 Bb7 12. h5 O-O-O 13. Qe2 Be7 14. Ba6 Rdg8 15. Bxb7+ Qxb7 16. Rbd1 g6 17. Nd2 gxh5 18.
Qxh5 Nxe5 19. Ne4 Ng6 20. Bd6 f5 21. Bxe7 fxe4 22. Bd6 Rh7 23. Qg4 Rhg7 24. Qxe4 Nh4 25. Qxb7+ Kxb7 26. Bg3 Nf5 27. c4 Kc6 28. Rd2 h5 29.
Red1 h4 30. Be5 Rxg2+ 31. Kh1 d5 32. cxd5+ exd5 33. b4 d4 34. bxc5 bxc5 35. Re1 h3 36. Bh2 Nh4 37. Rd3 Rxf2 38. Rxh3 Nf3 39. Re6+ Kd5 40.
Rd6+ Kc4 41. Bg3 Rxg3 0-1

[Event "*** Titled Tuesday Blitz"]
[Site "Chess.com"]
[Date "2018.06.05"]
[Round "5"]
[White "Karina_Oparina"]
[Black "nitpicker"]
[Result "1-0"]
[WhiteElo "2184"]
[BlackElo "2006"]
[TimeControl "180+2"]
[EndTime "14:13:48 PDT"]
[Termination "Karina_Oparina won on time"]

1. Nf3 g6 2. d4 Bg7 3. g3 d6 4. Bg2 Nd7 5. O-O c6 6. c4 Ngf6 7. b3 O-O 8. Bb2 Qc7 9. Nbd2 Re8 10. Rc1 e5 11. e4 h6 12. d5 c5 13. Ne1 Nh7 14. Nd3 f5 15. f4 Ndf6 16. fxe5 dxe5 17. Qe2 fxe4 18. Nxe4 Bg4 19. Bf3 Bxf3 20. Qxf3 Nxe4 21. Qxe4 Qd6 22. Rce1 Ng5 23. Qe3 e4 24. Bxg7 Kxg7 25. Nxc5 Nf3+ 26. Rxf3 exf3 27. Ne6+ Kh7 28. Qxf3 Qe7 29.
h4 Kg8 30. Qe4 Qh7 31. d6 Rad8 32. c5 Qf7 33. Kg2 Rd7 34. b4 b6 35. a3 bxc5 36.
bxc5 Rb7 37. c6 Rb2+ 38. Kh3 Kh7 39. d7 Qf2 40. Kg4 1-0

[Event "*** Titled Tuesday Blitz"]
[Site "Chess.com"]
[Date "2018.06.05"]
[Round "5"]
[White "PawnEatingZombie"]
[Black "sari07"]
[Result "1-0"]
[WhiteElo "2048"]
[BlackElo "2164"]
[TimeControl "180+2"]
[EndTime "14:13:49 PDT"]
[Termination "PawnEatingZombie won by checkmate"]

1. d4 d5 2. c4 c6 3. cxd5 cxd5 4. Nc3 Nc6 5. e4 dxe4 6. d5 Ne5 7. Qa4+ Bd7 8. Qxe4 Ng6 9. Bc4 Nf6 10. Qe2 Rc8 11. Nf3 Qc7 12. Bb3 Nf4 13. Bxf4 Qxf4 14. O-O g6 15.
Rfe1 Bg4 16. Qb5+ Nd7 17. Re4 Qf5 18. Rae1 Bxf3 19. gxf3 b6 20. Qe2 Qg5+ 21. Kh1 Nc5 22. Re5 Qf6 23. Qb5+ Kd8 24. R5e3 Bh6 25. Rxe7 Qxe7 26.
Rxe7 Kxe7 27. Bc2 Rhd8 28. Qe2+ Kf8 29. b4 Re8 30. Qd1 Nd7 31. Ne4 Bg7 32. Nd6 Red8 33. Nxc8 Rxc8 34. d6 Rc3 35. Bb3 Be5 36. Qd5 Kg7 37.
Qxf7+ Kh6 38. Qxd7 Rxf3 39. Qe7 Bf4 40. d7 Rxf2 41.
d8=Q Rxh2+ 42. Kg1 Rh3 43. Qh4+ Rxh4 44. Qxh4+ Kg7 45.
Qxf4 h6 46. Qf7+ Kh8 47. Qg8# 1-0

[Event "*** Titled Tuesday Blitz"]
[Site "Chess.com"]
[Date "2018.06.05"]
[Round "5"]
[White "EndgameGrinder"]
[Black "gpeloui"]
[Result "1-0"]
[WhiteElo "2518"]
[BlackElo "2326"]
[TimeControl "180+2"]
[EndTime "14:13:49 PDT"]
[Termination "EndgameGrinder won by resignation"]

1. e4 e6 2. d4 d5 3. Nd2 Be7 4. Bd3 c5 5. dxc5 Nf6 6. Qe2 a5 7.
Ngf3 Na6 8. e5 Nd7 9. c3 Naxc5 10.
Bc2 b6 11. Nd4 Ba6 12. Nb5 a4 13. Nf3 Qc8 14. Nfd4 Ne4 15. f3 Bh4+ 16. g3 Nxg3 17. hxg3 Bxg3+ 18. Kf1 Bxe5 19. Bd3 Bxb5 20. Bxb5 Qc7 21.
f4 Bxd4 22. cxd4 Rc8 23. Bd2 Kf8 24. Rc1 Qd8 25. Rxc8 Qxc8 26. Bxd7 Qxd7 27. Kg2 b5 28. Bb4+ Kg8 29. Rc1 h5 30. Qc2 h4 31. Qc8+ Qxc8 32. Rxc8+ Kh7 33. Rxh8+ Kxh8 34. Kh3 Kh7 35. Kxh4 Kg6 36.
Kg4 Kf6 37. Bc5 g6 38. Bd6 Kg7 39. Kf3 f6 40. Ke3 Kf7 41. Kd3 Ke8 42. Kc3 Kd7 43.
Bf8 g5 44. fxg5 fxg5 45. Bh6 g4 46. Bf4 Kc6 47. Kb4 Kb6 48. Be5 Kc6 49. Ka5 1-0

[Event "*** Titled Tuesday Blitz"]
[Site "Chess.com"]
[Date "2018.06.05"]
[Round "5"]
[White "VNeimer"]
[Black "GGX0X0"]
[Result "1-0"]
[WhiteElo "2482"]
[BlackElo "2313"]
[TimeControl "180+2"]
[EndTime "14:13:50 PDT"]
[Termination "VNeimer won by checkmate"]

1. d4 d5 2. Nf3 Nf6 3. c4 c6 4. cxd5 cxd5 5. Nc3 Nc6 6. Bf4 Bf5 7. Qb3 Na5 8. Qa4+ Bd7 9. Qc2 e6 10. e3 Rc8 11.
Bd3 Be7 12. h3 O-O 13. O-O Nc4 14. Ne5 b5 15. a3 a5 16. Nxd7 Qxd7 17. Qe2 Ne8 18.
Rfc1 b4 19. axb4 Bxb4 20. e4 Nf6 21. e5 Ne8 22. Qh5 g6 23. Qe2 Qa7 24. Bh6 Qxd4 25.
Bxf8 Kxf8 26. Nb5 Qc5 27. Bxc4 dxc4 28. Nc3 Nc7 29. Ne4 Qxe5 30. Qxc4 Kg7 31. Rc2 h5 32.
Nc5 Nd5 33. Nxe6+ Qxe6 34. Qxc8 Qe5 35. g3 h4 36. Qg4 hxg3 37. Qxg3 Qe6 38. Rd1 Bd6 39. Qf3 Nf4 40. Rxd6 Qxd6 41. Rc4 Ne6 42. Qc3+ Kh7 43. Rh4+ Kg8 44. Rh8# 1-0

[Event "*** Titled Tuesday Blitz"]
[Site "Chess.com"]
[Date "2018.06.05"]
[Round "5"]
[White "FMJoseHerrera"]
[Black "FranklinAPalomo"]
[Result "1-0"]
[WhiteElo "2446"]
[BlackElo "2312"]
[TimeControl "180+2"]
[EndTime "14:13:52 PDT"]
[Termination "FMJoseHerrera won by checkmate"]

1. Nf3 Nf6 2. g3 g6 3. Bg2 Bg7 4. O-O d6 5. d3 O-O 6. c3 c6 7.
a3 Qc7 8. b4 a5 9. Bb2 Re8 10.
Nbd2 e5 11. e4 b6 12. Re1 Ba6 13. c4 Nbd7 14. Rc1 Rad8 15. Qb3 h6 16. Nf1 Nf8 17.
Bc3 Ra8 18. Rb1 c5 19. Ne3 Ne6 20. bxc5 Nxc5 21. Qc2 Bb7 22. Rb2 Bc6 23. Bd2 Nfd7 24. h4 Rab8 25. h5 Kh7 26. hxg6+ fxg6 27. Nh4 Nf8 28. Nd5 Bxd5 29. exd5 Bf6 30. Nf3 Qd7 31. Be3 Qf5 32. Bxc5 bxc5 33. Rxb8 Rxb8 34. Nd2 Nd7 35. Ne4 Be7 36. Qa4 Nf6 37. Qxa5 Nxe4 38. Bxe4 Qf6 39. Re3 Qg5 40. Qc7 Rb1+ 41. Kg2 h5 42. Rf3 Kh6 43. Qc8 Qc1 44. Qh8+ Kg5 45. Rf5+ gxf5 46. Qg7# 1-0

[Event "*** Titled Tuesday Blitz"]
[Site "Chess.com"]
[Date "2018.06.05"]
[Round "5"]
[White "vpantev"]
[Black "attack2mateU"]
[Result "0-1"]
[WhiteElo "2447"]
[BlackElo "2690"]
[TimeControl "180+2"]
[EndTime "14:13:54 PDT"]
[Termination "attack2mateU won by resignation"]

1. d4 Nf6 2. Nf3 e6 3. Bf4 d5 4. e3 c5 5. c3 Nc6 6. Nbd2 Bd6 7. Bg3 O-O 8. Be2 b6 9. O-O Bb7 10. a3 Re8 11. b4 cxd4 12. cxd4 Bxg3 13. hxg3 Qd6 14. Qb3 Rac8 15. Rac1 Rc7 16. Rc2 Rec8 17. Rfc1 h6 18. Bb5 Ng4 19. Rc3 Ne7 20. Bd3 g6 21.
Rxc7 Rxc7 22. Rc3 Kg7 23. Qc2 Rxc3 24. Qxc3 Qc6 25. Qxc6 Bxc6 26. Ne5 Nxe5 27. dxe5 Ba4 28. f4 f6 29. exf6+ Kxf6 30. Kf2 g5 31. Nf3 Nc6 32.
Nd4 e5 33. Ne2 e4 34. Bb1 Bb3 35. Nc1 Bc4 36. Bc2 Kf5 37. Nb3 h5 38. Nd2 b5 39.
Nb1 h4 40. fxg5 hxg3+ 41. Kxg3 d4 42. exd4 Nxd4 43. Bd1 e3 44. Bf3 Kxg5 45. Nc3 Nf5+ 46. Kh2 Kf4 47. Kg1 Ng3 48. Bc6 Ne2+ 49. Nxe2+ Bxe2 50. Kh2 Bc4 51. g3+ Ke5 52. Kg2 Kd4 53.
Kf3 e2 54. Kf2 Kc3 55. a4 bxa4 56. Ke1 a3 0-1

[Event "*** Titled Tuesday Blitz"]
[Site "Chess.com"]
[Date "2018.06.05"]
[Round "5"]
[White "Usurpov"]
[Black "GM_dmitrij"]
[Result "1/2-1/2"]
[WhiteElo "2434"]
[BlackElo "2655"]
[TimeControl "180+2"]
[EndTime "14:13:55 PDT"]
[Termination "Game drawn - insufficient material"]

1. e4 e5 2. Nf3 Nc6 3. Nc3 Nf6 4. d4 exd4 5. Nxd4 Bc5 6. Nxc6 bxc6 7. Bd3 d6 8. Na4 Bd4 9. c3 Bb6 10. O-O Ng4 11.
Nxb6 axb6 12. c4 Qh4 13. Bf4 Qf6 14. Qd2 Qd4 15. Be2 Qxd2 16. Bxd2 Ne5 17. b3 O-O 18. Bc3 Re8 19. Rfe1 c5 20. Bf1 Bb7 21. a4 Nc6 22. f3 Nd4 23. Rab1 f6 24. Kf2 Bc8 25. Red1 Nc6 26. Bd3 Bd7 27. Bc2 Re7 28. Re1 Rf8 29. Rbd1 f5 30. exf5 Rxe1 31. Rxe1 Bxf5 32. Bxf5 Rxf5 33.
Re8+ Rf8 34. Rxf8+ Kxf8 35. Ke3 Kf7 36. Ke4 g6 37. f4 Ke6 38. g4 Ne7 39. a5 d5+ 40. Kd3 bxa5 41. Bxa5 c6 42. Bd8 Nc8 43. Bc7 h5 44. h3 Ne7 45. Bd8 Nc8 46. Bc7 Kd7 47. Bb8 Ne7 48. Ba7 Kd6 49. Bb8+ Ke6 50. Ba7 dxc4+ 51.
bxc4 Ng8 52. Bxc5 hxg4 53. hxg4 Nh6 54. f5+ gxf5 55. gxf5+ Ke5 56. Kc3 Nxf5 57. Kb4 Ke4 58. Ka5 Nd4 59. Bxd4 Kxd4 60. Kb6 Kxc4 61. Kxc6 1/2-1/2

[Event "*** Titled Tuesday Blitz"]
[Site "Chess.com"]
[Date "2018.06.05"]
[Round "5"]
[White "Alexander_Moskalenko"]
[Black "Man-Chuk"]
[Result "1-0"]
[WhiteElo "2772"]
[BlackElo "2617"]
[TimeControl "180+2"]
[EndTime "14:14:00 PDT"]
[Termination "Alexander_Moskalenko won by resignation"]

1. d4 Nf6 2. Bf4 e6 3. e3 d5 4. Nf3 c5 5. c3 Nc6 6. Nbd2 Be7 7. h3 Bd6 8. Bxd6 Qxd6 9. Bd3 O-O 10. O-O e5 11. dxc5 Qxc5 12. e4 h6 13. Re1 dxe4 14.
Nxe4 Nxe4 15. Bxe4 Be6 16. Bxc6 Qxc6 17. Nxe5 Qb6 18.
Qe2 Rad8 19. Nf3 Bd5 20. Nd4 Rd6 21. Nf5 Rd7 22. Qg4 Qf6 23. Nxh6+ Qxh6 24. Qxd7 Bc6 25. Qg4 Qd2 26. Re2 Qd5 27. c4 Qd3 28. Rae1 a5 29. b3 f5 30. Qf4 Rf6 31. Qd2 Qxd2 32.
Rxd2 Rg6 33. f4 Rg3 34. Ree2 Rc3 35. Kf2 Be4 36. Re3 Rc1 37. Rde2 Ra1 38. g4 g6 39. Kg3 Rg1+ 40. Kh4 Kf7 41. Rxe4 fxe4 42. Rxe4 Rg2 43. Re5 Rxa2 44. Rb5 a4 45. bxa4 Rxa4 46. Rxb7+ Kf6 47.
Rb6+ Kf7 48. Kg5 Ra5+ 49. Rb5 Ra7 50. h4 Rc7 51. c5 Rd7 52. c6 Rd6 53. Rc5 Rd8 54.
c7 Rc8 55. Rc6 Ke7 56. Rxg6 Kd7 57. Rg7+ Ke6 58. f5+ Ke5 59. h5 Ke4 60. h6 1-0

[Event "*** Titled Tuesday Blitz"]
[Site "Chess.com"]
[Date "2018.06.05"]
[Round "5"]
[White "Slovak_fighter2000"]
[Black "Fins0905"]
[Result "0-1"]
[WhiteElo "2399"]
[BlackElo "2599"]
[TimeControl "180+2"]
[EndTime "14:14:00 PDT"]
[Termination "Fins0905 won on time"]

1. d4 d5 2. Nf3 Nf6 3. Bf4 c5 4. e3 Nc6 5. Nbd2 cxd4 6. exd4 Bf5 7. c3 e6 8. Qb3 Bd6 9. Bg3 Rb8 10. Be2 h6 11.
O-O O-O 12. a4 a6 13. Bxd6 Qxd6 14. Qa3 Qc7 15. a5 Rfc8 16. Nb3 Nd7 17. Nc5 Nxc5 18. Qxc5 Ne7 19. Qxc7 Rxc7 20. Ra3 f6 21. Nd2 Kf7 22. Nb3 b6 23. axb6 Rxb6 24. Nc5 Rxb2 25. Bxa6 e5 26. Rd1 exd4 27. cxd4 Nc6 28. Nd3 Bxd3 29.
Bxd3 Nxd4 30. h3 Nc2 31. Ra5 Nb4 32. Bf1 Rcc2 33. f3 Rd2 34. Rc1 Kg6 35. Ra7 Rbc2 36. Rb1 Rb2 37. Rc1 Nc2 38. Rd7 Ne3 39. Rcc7 Rb1 40.
Rxg7+ Kf5 41. Kh2 Nxf1+ 42. Kg1 h5 43. Rcd7 h4 0-1